 Dungeon Crawl Stone Soup version 0.29.1-12-g30fa7ad0bf (webtiles) character file.

Game seed: 5380987136719906048

3880 MisterFreud the Nimble (level 10, -2/67 HPs)
             Began as a Felid Berserker on Jan 10, 2023.
             Was a Priest of Trog.
             Slain by an orc knight
             ... wielding a +0 halberd
              (32 damage)
             ... in a bailey.
             The game lasted 00:14:17 (13662 turns).

MisterFreud the Nimble (Felid Berserker)           Turns: 13662, Time: 00:14:18

Health: -2/67      AC:  2    Str: 13    XL:     10   Next: 0%
Magic:  11/11      EV: 27    Int:  9    God:    Trog [***...]
Gold:   590        SH:  0    Dex: 20    Spells: 9/9 levels left
                                        Lives:  0   Deaths: 3

rFire   . . .      SeeInvis +     - Unarmed
rCold   + . .      Faith    .   (shield unavailable)
rNeg    . . .      Spirit   .   (body armour unavailable)
rPois   .          Reflect  .   (helmet unavailable)
rElec   .          Harm     .   (cloak unavailable)
rCorr   +          Rampage  .   (gloves unavailable)
Will    +....                   (boots unavailable)
Stlth   ..........              (no amulet)
HPRegen 0.21/turn               a - ring of resist corrosion
MPRegen 0.12/turn               f - ring of protection from cold

@: berserking, very quick
A: very small, claws 1, fangs 3, see invisible, speed 1, shaggy fur 2, stealthy
paws, no weapons or thrown items, no armour, multi-lived
a: Renounce Religion, Berserk, Trog's Hand


You were in a bailey.
You worshipped Trog.
Trog was most pleased with you.
You visited 1 branch of the dungeon, and saw 10 of its levels.
You also visited: Bailey.

You collected 590 gold pieces.

Inventory:

Jewellery
 a - a ring of resist corrosion (left paw)
 f - a ring of protection from cold (right paw)
Wands
 c - a wand of charming (13)
 i - a wand of digging (6)
 l - a wand of roots (16)
 p - a wand of flame (53)
 t - a wand of acid (3)
Scrolls
 m - a scroll of identify
 q - a scroll of teleportation
Potions
 b - a potion of might
 d - 3 potions of magic
 e - 3 potions of haste
 g - a potion of resistance
 h - 6 potions of curing
 j - a potion of attraction
 k - 2 potions of mutation
 n - a potion of ambrosia
 o - a potion of heal wounds
 r - a potion of berserk rage
 s - a potion of flight
 u - a potion of cancellation
 w - a potion of invisibility


   Skills:
 + Level 6.1 Fighting
 - Level 12.0 Dodging
 - Level 10.0 Stealth
 - Level 10.0 Unarmed Combat
 + Level 8.1 Evocations


You had 9 spell levels left.
You didn't know any spells.
Your spell library was empty.

Dungeon Overview and Level Annotations

Branches:
Dungeon (10/15)            Temple (0/1) D:7            Lair (0/5) D:9
    Orc (0/2) D:9          Bailey (1/1)

Altars:
Ashenzari
Gozag
Hepliaklqana
Kikubaaqudgha
Ru
Zin


Innate Abilities, Weirdness & Mutations

You have sharp claws.
You have razor-sharp teeth.
You have supernaturally acute eyesight. (SInv)
You cover ground quickly. (Speed+)
You are covered in thick fur. (AC +2)
Your paws help you pounce on unaware monsters.
You are incapable of wielding weapons or throwing items.
You cannot wear armour.
You gain extra lives every three experience levels.


Message History

Things that are here:
a +0 spear; a +0 ring mail
There is an open door here.
Things that are here:
a +0 trident; a +4 scale mail; an orc skeleton
Aiming: Corrosive Bolt
Press: ? - help, Shift-Dir - straight line, f - orc knight
Aim: an orc knight, wielding a +0 halberd and wearing a +0 chain mail (71% to hit)
The bolt of acid hits the orc knight!
The acid corrodes the orc knight!
The orc knight is lightly wounded.
Unknown command.
Unknown command.
The orc knight hits you from afar with a +0 halberd!!
Ouch! That really hurt!
* * * LOW HITPOINT WARNING * * *
A red film seems to cover your vision as you go berserk!
You feel yourself moving faster!
You feel mighty!
The orc knight hits you from afar with a +0 halberd!!
You die...
You are now level 10!
You rejoin the land of the living...
Unknown command.
An orc knight is nearby!
A red film seems to cover your vision as you go berserk!
You feel yourself moving faster!
You feel mighty!
The orc knight hits you from afar with a +0 halberd!!
You feel a strong urge to attack something.
You scratch the orc knight. You bite the orc knight!
The orc knight is heavily wounded.
The orc knight hits you with a +0 halberd.
You are too injured to fight recklessly!
You are too injured to fight recklessly!
You are too injured to fight recklessly!
You claw the orc knight!
The orc knight is severely wounded.
You barely miss the orc knight.
The orc knight is severely wounded.
The orc knight is no longer covered in acid.
The orc knight hits you with a +0 halberd!!
You die...

###### ############
...o.## ##...@....∩.##
......######..)o.#......#
..##..#..).#...)###.....#
)..8..))...')†...8.....∩#
..##..#....#)..)###.....#
.)o)..######...))#).....#
.....## ##...)....∩.##
###### ############


You could see an orc knight.

Vanquished Creatures
  2 two-headed ogres
  An orc knight (Bailey)
  A hornet (D:7)
  A shadow (D:9)
  5 yaks (D:9)
  A wraith (D:9)
  2 wyverns
  Duvessa (D:4)
  2 water moccasins
  3 black bears
  Pargi (D:4)
  2 orc warriors
  An ice beast (D:7)
  2 sky beasts (D:7)
  3 ogres
  2 centaurs
  A phantom (D:5)
  The ghost of gargbit the Caller, an amateur OpSu (D:3)
  4 bullfrogs
  2 kobold brigands (D:7)
  A gnoll sergeant (D:7)
  2 necrophages
  2 wyvern zombies (D:6)
  4 scorpions
  11 wights
  2 wyvern skeletons (D:6)
  2 water moccasin zombies (D:6)
  Dowan (D:4)
  13 killer bees
  An electric eel (D:7)
  A howler monkey (D:7)
  4 centaur zombies (D:6)
  2 bullfrog zombies (D:6)
  A bullfrog skeleton (D:6)
  A gnoll bouda (D:5)
  A hound (D:5)
  4 jellies
  2 orc priests (D:6)
  4 iguanas
  Natasha (thrice) (D:4)
  6 orc wizards
  A howler monkey zombie (D:6)
  9 gnolls
  2 howler monkey skeletons (D:6)
  8 adders
  3 ufetubi
  A worm (D:3)
  2 dart slugs
  42 orcs
  3 ball pythons
  5 bats
  2 endoplasms
  6 giant cockroaches
  8 goblins
  5 hobgoblins
  3 quokkas
  6 frilled lizards
  9 kobolds
  4 rats
225 creatures vanquished.

Vanquished Creatures (others)
  14 plants
14 creatures vanquished.

Grand Total: 239 creatures vanquished

Notes
Turn   | Place    | Note
-------+----------+-------------------------------------------
     0 | D:1      | MisterFreud the Felid Berserker began the quest for the
                  | Orb.
     0 | D:1      | Reached XP level 1. HP: 10/10 MP: 2/2
    75 | D:1      | You fall into a shaft and drop 1 floor!
   104 | D:2      | Reached skill level 1 in Stealth
   456 | D:1      | Reached XP level 2. HP: 14/14 MP: 3/3
  1364 | D:1      | Found a faded altar of an unknown god.
  2350 | D:2      | Reached XP level 3. HP: 16/17 MP: 4/4
  2459 | D:3      | Noticed a scorpion
  2492 | D:3      | Killed a scorpion
  2493 | D:3      | Reached XP level 4. HP: 6/21 MP: 5/5
  2497 | D:3      | You fall into a shaft and drop 1 floor!
  2498 | D:4      | HP: 1/21 [poisoned by a scorpion]
  2500 | D:4      | Succumbed to a scorpion's poison
  2501 | D:4      | Reached XP level 3. HP: 0/17 MP: 4/4
  2587 | D:3      | Found a runed translucent door.
  2587 | D:3      | Noticed a bullfrog
  2591 | D:3      | Noticed gargbit's ghost (amateur OpSu)
  2691 | D:3      | Killed a bullfrog
  2692 | D:3      | Reached skill level 5 in Stealth
  2692 | D:3      | Reached XP level 4. HP: 21/21 MP: 5/5
  2698 | D:3      | Killed gargbit's ghost
  2699 | D:3      | Reached skill level 5 in Unarmed Combat
  2699 | D:3      | Reached XP level 5. HP: 24/24 MP: 6/6
  2814 | D:3      | Found a glowing silver altar of Zin.
  2978 | D:3      | Reached ** piety under Trog
  3005 | D:3      | Found an ancient bone altar of Kikubaaqudgha.
  3190 | D:3      | Found a hazy altar of Hepliaklqana.
  3212 | D:3      | Found a broken altar of Ashenzari.
  3988 | D:4      | Gained mutation: You are covered in thick fur. (AC +2)
                  | [Felid growth]
  3988 | D:4      | Reached XP level 6. HP: 28/28 MP: 7/7
  4163 | D:4      | Noticed Natasha
  4172 | D:4      | Killed Natasha
  4526 | D:4      | Found a sacrificial altar of Ru.
  4543 | D:4      | Noticed Pargi
  4550 | D:4      | Noticed Natasha
  4554 | D:4      | Killed Pargi
  4555 | D:4      | Reached skill level 5 in Dodging
  4557 | D:4      | Killed Natasha
  4558 | D:4      | Reached skill level 6 in Dodging
  4558 | D:4      | Reached XP level 7. HP: 31/31 MP: 8/8
  4830 | D:4      | Noticed Duvessa
  4830 | D:4      | Noticed Dowan
  4838 | D:4      | Killed Duvessa
  4839 | D:4      | Reached skill level 7 in Dodging
  4846 | D:4      | Killed Dowan
  5060 | D:4      | Noticed Natasha
  5086 | D:4      | Killed Natasha
  5328 | D:5      | Entered Level 5 of the Dungeon
  5354 | D:5      | Reached skill level 8 in Dodging
  5362 | D:5      | Reached skill level 9 in Dodging
  5593 | D:5      | Reached XP level 8. HP: 34/34 MP: 9/9
  5615 | D:5      | Reached skill level 10 in Dodging
  5741 | D:5      | Slain by an ogre
  5742 | D:5      | Reached XP level 7. HP: 0/32 MP: 8/8
  6018 | D:5      | Reached skill level 5 in Fighting
  6601 | D:6      | Reached XP level 8. HP: 16/38 MP: 9/9
  7451 | D:6      | Reached skill level 5 in Evocations
  7884 | D:6      | Reached *** piety under Trog
  8493 | D:6      | Reached XP level 9. HP: 41/41 MP: 10/10
  8885 | D:7      | Found a hazy altar of Hepliaklqana.
  8900 | D:7      | Reached skill level 11 in Dodging
  9622 | D:7      | Found a staircase to the Ecumenical Temple.
 10107 | D:8      | Reached XP level 10. HP: 39/44 MP: 11/11
 10727 | D:9      | Reached skill level 12 in Dodging
 10941 | D:9      | Found a staircase to the Lair.
 11545 | D:9      | Reached skill level 10 in Stealth
 11826 | D:9      | Found a staircase to the Orcish Mines.
 11863 | D:8      | Noticed a two-headed ogre
 11870 | D:8      | Killed a two-headed ogre
 12352 | D:8      | Found an opulent altar of Gozag.
 12742 | D:9      | Noticed a two-headed ogre
 12753 | D:9      | Killed a two-headed ogre
 12776 | D:10     | Entered Level 10 of the Dungeon
 12935 | D:10     | Found a flagged portal.
 12948 | Bailey   | Entered a bailey
 13431 | Bailey   | Noticed an orc knight
 13537 | Bailey   | Killed an orc knight
 13538 | Bailey   | Reached skill level 10 in Unarmed Combat
 13538 | Bailey   | Reached XP level 11. HP: 32/48 MP: 12/12
 13636 | Bailey   | Noticed an orc knight
 13652 | Bailey   | Demolished by an orc knight
 13653 | Bailey   | Reached XP level 10. HP: -15/67 MP: 11/11
 13662 | Bailey   | Slain by an orc knight

Illustrated notes

Levels and vault maps discovered:
D:1:      nicolae_arrival_memento_mori, layout_basic,
          shapermc_ecumenical_altar_mp_urbaneastern
D:2:      layout_loops_ring
D:3:      layout_basic, mainiacjoe_overflow_two_lobes, marbit_many_paths,
          mainiacjoe_overflow_catwalk, ebering_ghost_sewer_d,
          chequers_serial_rivers_small_b, chequers_serial_rivers_micro_c
D:4:      layout_basic, nicolae_ru_great_annihilating_truth,
          minmay_curled_crystal, dk_vineyard_2, serial_park_tiny_2,
          uniq_duvessa, uniq_natasha, uniq_pargi
D:5:      layout_loops_ring, serial_rivers, chequers_serial_rivers_micro_b,
          chequers_serial_rivers_small_b, chequers_serial_rivers_large_a,
          chequers_serial_rivers_micro_e, chequers_serial_rivers_micro_d,
          serial_bayou_lake_a
D:6:      layout_basic, serial_undead, serial_undead_b, serial_undead_a,
          serial_undead_c, serial_undead_d
D:7:      layout_rooms, minmay_temple_entry_gardened_gates,
          hangedman_decor_push, nrook_pool_corridor, minmay_ruined_shrine
D:8:      layout_gridville, grunt_gozag_statues
D:9:      nicolae_cairo_tiling_large, layout_basic, david_orc_3
D:10:     layout_small_grid, trog_book, nicolae_overflow_hidden_temple,
          lemuel_crystal_altar, lightli_bailey_entry_fortress,
          hangedman_decor_riveting, uniq_erica, uniq_maurice, uniq_grum,
          uniq_nergalle
Bailey:   bailey_polearm_5, bailey

Skill      XL: |  1  2  3  4  5  6  7  8  9 10 |
---------------+-------------------------------+-----
Stealth        | 1 2 5 6 7 9 10 | 10.0
Unarmed Combat | 4 5 6 7 10 | 10.0
Dodging        | 6 9 10 11 12 | 12.0
Fighting       | 6 4 |  6.1
Evocations     | 2 5 8 |  8.1

Action                   |  1- 3 |  4- 6 |  7- 9 | 10-12 || total
-------------------------+-------+-------+-------+-------++-------
Melee: Unarmed           |    87 |    89 |   368 |   243 ||   787
       Bite              |     4 |     5 |    49 |    27 ||    85
       Punch             |     2 |     5 |    15 |    12 ||    34
Invok: Berserk           |     3 |     4 |    15 |     9 ||    31
       Trog's Hand       |       |       |     3 |     5 ||     8
Evoke: Wand              |       |       |       |     6 ||     6
  Use: Scroll            |     7 |     5 |     7 |     3 ||    22
       Potion            |     2 |       |       |       ||     2
 Stab: Sleeping          |     8 |     9 |    12 |     2 ||    31
       Distracted        |       |     1 |       |     2 ||     3
Armor: Skin              |     5 |     6 |    13 |     8 ||    32
Dodge: Dodged            |    66 |    61 |   342 |   294 ||   763
